[Event "Titled Tuesday Blitz April 11 Late 2023"]
[White "Barp, Alberto"]
[Black "Svane, Rasmus"]
[WhiteFideId "872555"]
[BlackFideId "4657101"]
[WhiteElo "2313"]
[BlackElo "2597"]
[Result "0-1"]
[Round "03"]
[TimeControl "180+2"]
[Date "2023.04.11"]
[WhiteClock "0:00:03"]
[BlackClock "0:00:08"]

1. d4 Nf6 2. c4 e6 3. Nf3 d5 4. g3 dxc4 5. Bg2 a6 6. O-O Nc6 7. Nc3 Rb8 8. e4 Be7 9. d5 exd5 10. exd5 Nb4 11. Ne5 Bf5 12. Nxc4 O-O 13. Ne3 Bg6 14. Qb3 Nd3 15. Rd1 Re8 16. a3 Bc5 17. Na4 Nxc1 18. Raxc1 Bxe3 19. fxe3 Qd6 20. Rd4 Re7 21. Nc5 b5 22. e4 Rbe8 23. Qb4 h5 24. Re1 h4 25. Nd3 hxg3 26. Qxd6 cxd6 27. hxg3 Nxe4 28. Nf4 Nxg3 29. Rxe7 Rxe7 30. Nxg6 fxg6 31. Rg4 Ne2+ 32. Kf2 Kf7 33. Be4 Nc1 34. Bxg6+ Kf6 35. Bh7 g5 36. Rd4 Rxh7 37. Rd1 Nb3 38. Ke3 Nc5 39. b4 Nd7 40. Kd4 Rh4+ 41. Kc3 Ke5 0-1


[Site "https://www.chess.com"]

[Event "Titled Tuesday Blitz April 11 Late 2023"]
[White "Bortnyk, Mykola"]
[Black "Hasangatin, Ramil"]
[WhiteFideId "14120836"]
[BlackFideId "4122160"]
[WhiteElo "2582"]
[BlackElo "2275"]
[Result "1/2-1/2"]
[Round "03"]
[TimeControl "180+2"]
[Date "2023.04.11"]
[WhiteClock "0:00:22"]
[BlackClock "0:00:08"]

1. Nf3 d6 2. c4 e5 3. d3 g6 4. b4 Bg7 5. Bb2 f5 6. g3 Nf6 7. Bg2 O-O 8. O-O h6 9. a4 g5 10. Nfd2 f4 11. Nc3 Qe8 12. Nde4 Nbd7 13. Nb5 Qd8 14. Qc2 Nxe4 15. dxe4 a6 16. Nc3 a5 17. Ba3 b6 18. Rad1 Ba6 19. Nd5 axb4 20. Bxb4 Bb7 21. Bh3 Nf6 22. Ra1 c5 23. Bc3 Nxd5 24. exd5 Bc8 25. Bg2 Bf5 26. Qb2 Qc7 27. gxf4 gxf4 28. Kh1 Kh8 29. Bf3 Rg8 30. Rg1 Bf6 31. e4 fxe3 32. fxe3 Qh7 33. Rxg8+ Rxg8 34. Rg1 Be4 35. Rxg8+ Kxg8 36. Qg2+ Bg6 37. Qg4 Qf7 38. Be4 Kh7 39. Kg2 Bxe4+ 40. Qxe4+ Qg6+ 41. Kf3 Qxe4+ 42. Kxe4 Kg6 43. Be1 Bg5 44. Kf3 Kf5 45. e4+ Kg6 46. Ke2 Kh5 47. h3 Bh4 48. a5 bxa5 49. Bxa5 Be7 50. Kf3 Kg5 51. Bd2+ Kh5 52. Kg3 Bg5 53. Ba5 Bh4+ 54. Kf3 Be7 55. Bc7 Kg5 56. Kg2 Kh5 57. Kg3 Kg5 58. h4+ Kh5 59. Kh3 Kg6 60. Kg4 h5+ 61. Kg3 Kh6 62. Kf3 Kg6 63. Ke3 Kh6 64. Kd3 Kg6 65. Kc3 Kf7 66. Kd3 Ke8 67. Ke3 Kd7 68. Ba5 Bxh4 69. Kf3 Bg5 70. Kg3 Kc8 71. Kh3 Be7 72. Bb6 Kb7 73. Ba5 Ka6 74. Bc7 Kb7 75. Ba5 Kc8 76. Be1 Kd7 77. Bh4 Bf8 78. Bg5 Ke8 79. Kh4 Kf7 80. Kxh5 Bg7 81. Bd8 Bf8 82. Kg5 Ke8 83. Bf6 Kf7 84. Kf5 Bh6 85. Bh4 Bd2 86. Bd8 Bf4 87. Bc7 Ke7 88. Kg6 Be3 89. Ba5 Bd4 90. Be1 Be3 91. Bh4+ Kd7 92. Kf7 Bd4 93. Bf6 Bc3 94. Kg6 Bd4 95. Kf5 Bc3 96. Kg4 Bd4 97. Kf3 Bc3 98. Ke2 Bd4 99. Kd3 Bb2 100. Kc2 Bd4 101. Kb3 Ba1 102. Ka4 Bd4 103. Kb5 Bc3 104. Bh4 Bd4 105. Be1 Bb2 106. Ba5 Bd4 107. Bb6 Be3 108. Ka4 Bd4 109. Ba5 Be3 110. Bc3 Bf2 111. Kb3 Bd4 112. Bd2 Bf2 113. Kc2 Bd4 114. Be1 Be3 115. Bg3 Bd4 116. Kd2 Bb2 117. Ke2 Bd4 118. Bf2 Bb2 119. Kf3 Bc3 120. Bh4 Bd4 121. Kg4 Bc3 122. Kf5 Bd4 123. Bf6 Bc3 124. Kg6 Bd4 125. Kf5 1/2-1/2


[Site "https://www.chess.com"]

[Event "Titled Tuesday Blitz April 11 Late 2023"]
[White "Riff, Vincent"]
[Black "Anton Guijarro, David"]
[WhiteFideId "617776"]
[BlackFideId "2285525"]
[WhiteElo "2369"]
[BlackElo "2618"]
[Result "1/2-1/2"]
[Round "03"]
[TimeControl "180+2"]
[Date "2023.04.11"]
[WhiteClock "0:00:32"]
[BlackClock "0:00:18"]

1. e4 e5 2. Nf3 Nc6 3. Bb5 a6 4. Ba4 d6 5. Bxc6+ bxc6 6. d4 exd4 7. Nxd4 c5 8. Ne2 Nf6 9. Nbc3 Bb7 10. Ng3 g6 11. h4 h5 12. Bg5 Be7 13. Qd2 Ng4 14. Bxe7 Qxe7 15. O-O-O O-O-O 16. Nd5 Qe5 17. f4 Qe8 18. Rhe1 Qa4 19. Kb1 Rhe8 20. b3 Qa3 21. Qc3 Kb8 22. Nf6 Nxf6 23. Qxf6 Rd7 24. e5 Rde7 25. Ne4 c4 26. Nc3 Qa5 27. Kb2 dxe5 28. fxe5 cxb3 29. axb3 Qc5 30. Na4 Qb5 31. Nc3 Qa5 32. Rd4 Qb6 33. Qf4 a5 34. Na4 Qb5 35. Nc3 Qc6 36. Rc4 Qb6 37. Na4 Qb5 38. Nc3 Qb6 39. Na4 Qb5 40. Nc3 Qb6 1/2-1/2


[Site "https://www.chess.com"]

[Event "Titled Tuesday Blitz April 11 Late 2023"]
[White "Alekseenko, Kirill"]
[Black "Martinez Ramirez, Lennis"]
[WhiteFideId "4135539"]
[BlackFideId "3509079"]
[WhiteElo "2683"]
[BlackElo "2410"]
[Result "1-0"]
[Round "03"]
[TimeControl "180+2"]
[Date "2023.04.11"]
[WhiteClock "0:00:10"]
[BlackClock "0:00:18"]

1. d4 e6 2. Bf4 Nf6 3. Nc3 Bd6 4. Bg3 Bxg3 5. hxg3 d5 6. e3 b6 7. Nf3 Nbd7 8. Bb5 Bb7 9. Ne5 a6 10. Bc6 Qc8 11. Qf3 Bxc6 12. Nxc6 Qb7 13. Ne5 Nxe5 14. dxe5 Nd7 15. Qg4 g6 16. f4 h5 17. Qg5 Qc8 18. g4 Qd8 19. Qxd8+ Rxd8 20. gxh5 Rxh5 21. Rxh5 gxh5 22. Kf2 f6 23. Rh1 fxe5 24. Rxh5 exf4 25. exf4 Nf6 26. Rh8+ Ke7 27. Rxd8 Kxd8 28. Kf3 c5 29. g4 Ke7 30. g5 Nd7 31. Kg4 Kf7 32. Ne2 b5 33. Ng1 b4 34. Nf3 a5 35. b3 Kg6 36. Nh4+ Kf7 37. Kh5 e5 38. f5 e4 39. Kg4 d4 40. Ng6 d3 41. cxd3 exd3 42. Kf3 c4 43. Ke3 a4 44. bxa4 Kg7 45. a5 Nc5 46. Ne5 b3 47. axb3 d2 48. Kxd2 Nxb3+ 49. Kc3 Nxa5 50. f6+ Kh7 51. g6+ Kh6 52. f7 Kg7 53. Nd7 Nc6 54. f8=Q+ Kxg6 55. Qf6+ Kh5 56. Qxc6 Kg4 57. Qe4+ 1-0


[Site "https://www.chess.com"]

[Event "Titled Tuesday Blitz April 11 Late 2023"]
[White "Pulpan, Jakub"]
[Black "Deac, Bogdan-Daniel"]
[WhiteFideId "302759"]
[BlackFideId "1226380"]
[WhiteElo "2484"]
[BlackElo "2649"]
[Result "0-1"]
[Round "03"]
[TimeControl "180+2"]
[Date "2023.04.11"]
[WhiteClock "0:00:05"]
[BlackClock "0:00:05"]

1. Nf3 c5 2. e3 Nf6 3. b3 g6 4. Bb2 Bg7 5. c4 O-O 6. Nc3 b6 7. Be2 Bb7 8. O-O e6 9. d4 Qe7 10. Qd2 d6 11. Rfd1 Rd8 12. Rac1 Ne8 13. Qe1 f5 14. Rd2 g5 15. Qd1 g4 16. Ne1 cxd4 17. exd4 Bh6 18. Nd3 Nd7 19. Bf1 Bxd2 20. Qxd2 Ng7 21. Re1 Nf6 22. Nf4 Qf7 23. Qc2 Rd7 24. c5 Rc8 25. Bc4 d5 26. Bb5 bxc5 27. dxc5 d4 28. Bxd7 Nxd7 29. Nce2 e5 30. Nxd4 Rxc5 31. Qd2 exf4 32. Qxf4 Qd5 33. f3 gxf3 34. Nxf3 Nf8 35. h4 Nge6 36. Qg3+ Kf7 37. Kh2 Ke8 38. Re5 Qd6 39. Rxc5 Qxg3+ 40. Kxg3 Nxc5 41. Kf4 Bxf3 42. Kxf3 Nd3 43. Bd4 a6 44. a3 Nc1 45. b4 Ne6 46. Be3 Nd3 47. Ke2 Ne5 48. a4 Kd7 49. b5 axb5 50. axb5 Kd6 51. Bg1 Kd5 52. Bh2 f4 53. b6 Kc6 54. g3 f3+ 55. Kf2 Ng4+ 56. Kxf3 Nxh2+ 57. Ke4 Kxb6 58. Kf5 Nf8 59. g4 Nxg4 60. Kxg4 Kc6 61. Kf5 Kd5 62. h5 Kd4 63. Kf6 Ke4 64. Kg7 Kf5 65. Kxf8 Kg5 66. Kf7 Kxh5 67. Kf6 Kg4 68. Ke5 h5 69. Ke4 Kg3 70. Ke3 h4 0-1


[Site "https://www.chess.com"]

[Event "Titled Tuesday Blitz April 11 Late 2023"]
[White "Kollars, Dmitrij"]
[Black "Hambleton, Aman"]
[WhiteFideId "12909572"]
[BlackFideId "2606577"]
[WhiteElo "2584"]
[BlackElo "2511"]
[Result "1/2-1/2"]
[Round "03"]
[TimeControl "180+2"]
[Date "2023.04.11"]
[WhiteClock "0:00:09"]
[BlackClock "0:00:04"]

1. e4 c5 2. c3 Nf6 3. e5 Nd5 4. Bc4 e6 5. Nf3 d6 6. d4 cxd4 7. cxd4 b6 8. O-O Bb7 9. Nc3 Nxc3 10. bxc3 Qc7 11. Bb5+ Bc6 12. Bxc6+ Qxc6 13. Re1 d5 14. Qd3 h6 15. a4 Be7 16. Ba3 Bxa3 17. Rxa3 O-O 18. Qb5 Rc8 19. Rb1 Nd7 20. Kf1 Rc7 21. Ke2 Rac8 22. Qxc6 Rxc6 23. Kd3 Kf8 24. Nd2 a6 25. f4 f6 26. exf6 gxf6 27. Re1 Kf7 28. g3 h5 29. Nf3 R8c7 30. Re2 Rb7 31. Ne1 b5 32. Nc2 bxa4 33. Rxa4 Rbc7 34. Ra3 Nb6 35. Nb4 Rd6 36. Rxa6 Nc4 37. Rxd6 Nxd6 38. Ra2 Ne4 39. Rc2 f5 40. Na2 h4 41. gxh4 Kf6 42. c4 dxc4+ 43. Rxc4 Rh7 44. Rc6 Rxh4 45. d5 Rxf4 46. Rxe6+ Kf7 47. Rc6 Rh4 48. Ke3 Nf6 49. Rc7+ Ke8 50. Rc5 Kd7 51. Nc3 Kd6 52. Rc6+ Ke7 53. Re6+ Kf7 54. Ra6 Rh3+ 55. Kd4 f4 56. Ra7+ Kg6 57. d6 f3 58. Nd1 Rxh2 59. Ke3 Re2+ 60. Kxf3 Rd2 61. Ne3 Rxd6 62. Ra5 Rb6 63. Rc5 Ra6 64. Rc4 Kf7 65. Rc1 Re6 66. Nf5 Re5 67. Nd6+ Ke6 68. Nc4 Rf5+ 69. Ke3 Nd5+ 70. Kd4 Nf6 71. Re1+ Kd7 72. Ne5+ Kd8 73. Nf7+ Kd7 74. Ne5+ Kd6 75. Nc4+ Kd7 76. Rh1 Rd5+ 77. Kc3 Rh5 78. Rg1 Ke6 79. Re1+ Kd7 80. Ra1 Rh3+ 81. Kb4 Rh5 82. Re1 Rf5 83. Nb6+ Kc6 84. Re6+ Kc7 85. Rxf6 Rxf6 86. Nd5+ Kb7 87. Nxf6 1/2-1/2


[Site "https://www.chess.com"]

[Event "Titled Tuesday Blitz April 11 Late 2023"]
[White "Mikhailovsky, Vladimir"]
[Black "Steinberg, Nitzan"]
[WhiteFideId "34105414"]
[BlackFideId "2801795"]
[WhiteElo "2275"]
[BlackElo "2486"]
[Result "1-0"]
[Round "03"]
[TimeControl "180+2"]
[Date "2023.04.11"]
[WhiteClock "0:01:35"]
[BlackClock "0:01:41"]

1. e4 c5 2. c3 d6 3. d4 Nf6 4. Bd3 g6 5. Nf3 Bg7 6. O-O O-O 7. Re1 Bg4 8. dxc5 dxc5 9. h3 Bxf3 10. Qxf3 Nc6 11. Bf1 Nd7 12. Be3 Qc7 13. Nd2 Rad8 14. Rad1 b6 15. Qe2 e6 16. a4 Nde5 17. Nc4 Nxc4 18. Qxc4 Ne5 19. Qb5 Rxd1 20. Rxd1 Rd8 21. Rxd8+ Qxd8 22. Be2 g5 23. a5 h6 24. b4 cxb4 25. cxb4 bxa5 26. bxa5 Qc7 27. a6 Nc6 28. Qb7 Qxb7 29. axb7 a5 30. Bb5 Nb8 31. Bb6 Be5 32. Bxa5 Kf8 33. Bb4+ Kg7 34. Kf1 Kf6 35. Ke2 Bc7 36. Kd3 Ke5 37. Bc5 h5 38. Bd4+ Kd6 39. Kc4 Nc6 40. Bc5+ Kd7 41. Ba7 Kd6 42. Bxc6 Kxc6 43. b8=Q Bxb8 44. Bxb8 f5 45. exf5 exf5 46. Kd4 1-0


[Site "https://www.chess.com"]

[Event "Titled Tuesday Blitz April 11 Late 2023"]
[White "Zhigalko, Sergei"]
[Black "Weetik, Vjacheslav"]
[WhiteFideId "13502956"]
[BlackFideId "4153472"]
[WhiteElo "2626"]
[BlackElo "2469"]
[Result "1-0"]
[Round "03"]
[TimeControl "180+2"]
[Date "2023.04.11"]
[WhiteClock "0:00:40"]
[BlackClock "0:00:05"]

1. e4 c6 2. d4 d5 3. e5 Bf5 4. Nf3 e6 5. Be2 Nd7 6. O-O h6 7. Nbd2 Ne7 8. Nb3 Qc7 9. Bd2 b6 10. Rc1 g5 11. c4 dxc4 12. Bxc4 Qb7 13. Qe2 a5 14. h4 Nd5 15. hxg5 a4 16. Na1 hxg5 17. Bxg5 c5 18. Bb5 Be7 19. Nc2 O-O-O 20. Ba6 Rdg8 21. Ne3 Bxg5 22. Nxd5 exd5 23. dxc5 Nxc5 24. Bxb7+ Kxb7 25. Rxc5 1-0


[Site "https://www.chess.com"]

[Event "Titled Tuesday Blitz April 11 Late 2023"]
[White "Eljanov, Pavel"]
[Black "Koziorowicz, Michal"]
[WhiteFideId "14102951"]
[BlackFideId "21809194"]
[WhiteElo "2598"]
[BlackElo "2255"]
[Result "1-0"]
[Round "03"]
[TimeControl "180+2"]
[Date "2023.04.11"]
[WhiteClock "0:01:02"]
[BlackClock "0:01:21"]

1. e4 c5 2. Nf3 d6 3. d4 cxd4 4. Nxd4 Nf6 5. Nc3 g6 6. Be2 Bg7 7. O-O O-O 8. Be3 Nc6 9. Nb3 b6 10. Qd2 Re8 11. Bh6 Bh8 12. Rfe1 Bb7 13. Bf1 Rc8 14. h3 Ne5 15. Nd5 Nxd5 16. exd5 Nc4 17. Bxc4 Rxc4 18. c3 Bf6 19. Rad1 Qd7 20. Bg5 Bxg5 21. Qxg5 Ra4 22. Nc1 Kg7 23. b3 Ra5 24. c4 Rc5 25. Nd3 Rc7 26. Nf4 Qf5 27. Nh5+ Kg8 28. Qxf5 gxf5 29. Nf6+ Kf8 30. Nxe8 Kxe8 31. Rd4 Kf8 32. Rh4 Kg7 33. Re3 h6 34. Rg3+ Kh7 35. Rg5 b5 36. Rxf5 f6 37. Rfh5 bxc4 38. Rxh6+ Kg7 39. bxc4 Ba6 40. f4 Bxc4 41. Rh7+ Kf8 42. Rh8+ Kf7 43. f5 Bd3 44. R4h7# 1-0


[Site "https://www.chess.com"]

[Event "Titled Tuesday Blitz April 11 Late 2023"]
[White "Pakleza, Zbigniew"]
[Black "Grigoriants, Sergey"]
[WhiteFideId "1119290"]
[BlackFideId "4130804"]
[WhiteElo "2410"]
[BlackElo "2502"]
[Result "0-1"]
[Round "03"]
[TimeControl "180+2"]
[Date "2023.04.11"]
[WhiteClock "0:00:04"]
[BlackClock "0:00:06"]

1. d4 Nf6 2. Nf3 d5 3. Bf4 c5 4. c3 e6 5. Nbd2 Bd6 6. Bg3 O-O 7. e3 Qc7 8. Be2 Nbd7 9. c4 b6 10. Rc1 Bb7 11. O-O Bxg3 12. hxg3 Rac8 13. cxd5 exd5 14. dxc5 bxc5 15. Qa4 Nb6 16. Qa5 Rfe8 17. Bb5 Red8 18. Rfd1 h6 19. Nb3 c4 20. Nbd4 Ne4 21. Ba4 Nxa4 22. Qxa4 Qb6 23. Qa3 a5 24. Nd2 Nc5 25. N2f3 Qb4 26. Qc3 Na4 27. Qxb4 axb4 28. b3 Nc3 29. Rd2 Ra8 30. Rcc2 Kf8 31. g4 Rd6 32. Ne5 f6 33. Ng6+ Kf7 34. Nf4 Rda6 35. Nf5 g6 36. Nd4 Rxa2 37. Kh2 Rxc2 38. Rxc2 Ra2 39. Rc1 Rxf2 40. Kg3 Ne4+ 41. Kh2 c3 42. Ra1 g5 43. Nd3 Rd2 44. Nxb4 Nc5 45. Ra5 Ne6 46. Ra7 Nxd4 47. Rxb7+ Ke6 48. exd4 Rxd4 49. Rb6+ Kd7 50. Kg3 Rxb4 51. Rxb4 c2 52. Rb7+ Kc6 53. Rb8 Kc7 54. Rh8 c1=Q 55. Rh7+ Kd6 56. Rxh6 Qe3+ 57. Kh2 Ke5 58. Rh3 Qd4 59. Rf3 Ke6 60. Kg3 Qd2 61. b4 Qxb4 62. Re3+ Kf7 63. Rf3 Qe4 64. Kh3 d4 65. Ra3 d3 66. Ra2 Qd4 67. g3 Qe3 68. Rg2 Kg6 69. Ra2 Qf3 70. Kh2 Qd5 71. Rd2 Qe4 72. Kh3 Qh1+ 73. Rh2 Qxh2+ 74. Kxh2 d2 0-1


[Site "https://www.chess.com"]

[Event "Titled Tuesday Blitz April 11 Late 2023"]
[White "Corrales Jimenez, Fidel"]
[Black "Rozman, Levy"]
[WhiteFideId "3506690"]
[BlackFideId "2039877"]
[WhiteElo "2541"]
[BlackElo "2376"]
[Result "1-0"]
[Round "03"]
[TimeControl "180+2"]
[Date "2023.04.11"]
[WhiteClock "0:00:14"]
[BlackClock "0:00:07"]

1. d4 d5 2. Nf3 e6 3. g3 Nf6 4. Bg2 b5 5. O-O Bb7 6. a4 b4 7. c3 a5 8. Nbd2 Be7 9. Re1 O-O 10. Ne5 c5 11. c4 cxd4 12. Nb3 Nbd7 13. Bf4 Nxe5 14. Bxe5 Qd7 15. c5 Bc6 16. Nxd4 Bxc5 17. Bxf6 gxf6 18. Nxc6 Qxc6 19. e4 Qb6 20. Qf3 dxe4 21. Qxf6 Bd4 22. Qg5+ Kh8 23. Rxe4 Rg8 24. Qd2 Rad8 25. Qe2 e5 26. Rf1 f5 27. Rxe5 Bxe5 28. Qxe5+ Rg7 29. Qxf5 Qd4 30. b3 Qc3 31. Qxa5 Rgd7 32. Bh3 Rd1 33. Bg4 Rxf1+ 34. Kxf1 Rf8 35. Qd5 Qe3 36. Bf5 Qg5 37. Qd4+ Rf6 38. Be4 h5 39. h4 Qg7 40. Kg2 Qe7 41. Bf3 Kg7 42. Bxh5 Qb7+ 43. Kh2 Qe7 44. Bf3 Qe6 45. Bd5 Qe1 46. Kg2 Qc3 47. Qg4+ Kf8 48. Qe4 Qd2 49. Kh3 Qxf2 50. Qxb4+ Kg7 51. Qg4+ Kf8 52. Qc8+ Ke7 53. Qc7+ Kf8 54. Qd8+ Kg7 55. Qg8+ Kh6 56. Qg5+ Kh7 57. Qg8+ Kh6 58. Qh8+ Kg6 59. h5+ Kf5 60. Qe8 Kg5 61. Qe5+ Kh6 62. Be4 Qf1+ 63. Bg2 Qf2 64. b4 Rf5 65. Qh8+ Kg5 66. Qg7+ Kxh5 67. g4# 1-0


[Site "https://www.chess.com"]

[Event "Titled Tuesday Blitz April 11 Late 2023"]
[White "Javakhadze, Zurab"]
[Black "Licznerski, Lukasz"]
[WhiteFideId "13603647"]
[BlackFideId "1179250"]
[WhiteElo "2381"]
[BlackElo "2450"]
[Result "1-0"]
[Round "03"]
[TimeControl "180+2"]
[Date "2023.04.11"]
[WhiteClock "0:00:06"]
[BlackClock "0:00:07"]

1. Nf3 Nf6 2. g3 g6 3. Bg2 Bg7 4. O-O d5 5. d4 O-O 6. c4 dxc4 7. Na3 c3 8. bxc3 c5 9. Nc4 Nc6 10. Ba3 Be6 11. Nce5 Nxe5 12. Nxe5 cxd4 13. cxd4 Bd5 14. e3 Bxg2 15. Kxg2 Ne4 16. Rc1 Bxe5 17. dxe5 Nd2 18. Re1 Qd5+ 19. e4 Qxa2 20. Bxe7 Rfc8 21. Re2 Qe6 22. Bf6 Nc4 23. Rec2 b5 24. Qf3 h5 25. Qf4 Kh7 26. h3 b4 27. g4 b3 28. Rc3 b2 29. Rb1 Nxe5 30. Bxe5 Rxc3 31. Bxc3 Rc8 32. Bxb2 Rc4 33. Be5 Rc5 34. Bf6 Rc4 35. Rb8 Rc8 36. Rxc8 Qxc8 37. gxh5 gxh5 38. Qg5 Qg8 39. Qxg8+ Kxg8 40. Kg3 Kh7 41. Kf4 Kg6 42. Ba1 a5 43. f3 a4 44. e5 1-0


[Site "https://www.chess.com"]

[Event "Titled Tuesday Blitz April 11 Late 2023"]
[White "Talibov, Shiroghlan"]
[Black "Colas, Joshua"]
[WhiteFideId "13429078"]
[BlackFideId "2044447"]
[WhiteElo "2224"]
[BlackElo "2347"]
[Result "1/2-1/2"]
[Round "03"]
[TimeControl "180+2"]
[Date "2023.04.11"]
[WhiteClock "0:00:11"]
[BlackClock "0:00:18"]

1. c4 e6 2. Nc3 d5 3. d4 Nf6 4. Nf3 a6 5. cxd5 exd5 6. Bf4 Bd6 7. Bxd6 Qxd6 8. e3 O-O 9. Bd3 Bg4 10. h3 Bh5 11. Rc1 c6 12. Ne2 Bg6 13. O-O Nbd7 14. Nf4 Bxd3 15. Nxd3 Ne4 16. Nd2 f5 17. f4 Nxd2 18. Qxd2 Nf6 19. Ne5 Ne4 20. Qa5 Rae8 21. Qa3 Qxa3 22. bxa3 Re7 23. Rc2 Nd6 24. a4 a5 25. Kh2 g6 26. g4 Rfe8 27. Kg3 fxg4 28. hxg4 Nc4 29. Kf3 Nb6 30. Rh2 Nxa4 31. Rfh1 Nb6 32. f5 Nc4 33. f6 Nxe5+ 34. dxe5 Rxe5 35. Rxh7 Rxe3+ 36. Kf4 R3e4+ 37. Kf3 Re3+ 38. Kf4 R3e4+ 39. Kg3 Re3+ 40. Kf2 Re2+ 41. Kf3 R2e3+ 1/2-1/2


[Site "https://www.chess.com"]

[Event "Titled Tuesday Blitz April 11 Late 2023"]
[White "Nazari, Arad"]
[Black "Makarian, Rudik"]
[WhiteFideId "12577324"]
[BlackFideId "44105681"]
[WhiteElo "2242"]
[BlackElo "2430"]
[Result "1-0"]
[Round "03"]
[TimeControl "180+2"]
[Date "2023.04.11"]
[WhiteClock "0:00:22"]
[BlackClock "0:00:05"]

1. e4 c5 2. Nf3 Nc6 3. Bb5 e6 4. d4 cxd4 5. Nxd4 a6 6. Nxc6 bxc6 7. Bd3 d5 8. O-O Nf6 9. Nd2 Be7 10. b3 O-O 11. Bb2 a5 12. Qe2 a4 13. c4 a3 14. Be5 Nd7 15. Bg3 Bf6 16. Rad1 g6 17. exd5 exd5 18. cxd5 cxd5 19. Rfe1 Bb7 20. Bd6 Re8 21. Qxe8+ Qxe8 22. Rxe8+ Rxe8 23. Bxa3 Ra8 24. Nb1 Ne5 25. Bb5 d4 26. f3 Bg5 27. Kf1 Be3 28. Bd6 Nc6 29. a4 Rd8 30. Bc5 Rd5 31. Bb6 Nb4 32. Na3 Na2 33. Bc4 Rd6 34. a5 Nc3 35. Rd3 g5 36. Nc2 Bf4 37. Rxd4 Rh6 38. Rd8+ Kg7 39. Bd4+ Kg6 40. Bd3+ f5 41. Bxc3 Rxh2 42. Rg8+ Kh5 43. Bxf5 Bg3 44. Kg1 Rh4 45. Bg4+ Kh6 46. Nd4 Bf4 47. Nf5# 1-0


[Site "https://www.chess.com"]

[Event "Titled Tuesday Blitz April 11 Late 2023"]
[White "Kamsky, Gata"]
[Black "Kosteniuk, Alexandra"]
[WhiteFideId "2000024"]
[BlackFideId "4128125"]
[WhiteElo "2660"]
[BlackElo "2453"]
[Result "0-1"]
[Round "03"]
[TimeControl "180+2"]
[Date "2023.04.11"]
[WhiteClock "0:00:03"]
[BlackClock "0:00:07"]

1. e4 c5 2. Nf3 e6 3. Nc3 Nc6 4. d4 cxd4 5. Nxd4 Nf6 6. Ndb5 Bc5 7. Bf4 O-O 8. Bc7 Qe7 9. Bd6 Bxd6 10. Qxd6 Qd8 11. a4 a6 12. Nd4 Ne8 13. Nxc6 bxc6 14. Qg3 d5 15. Bd3 Qb6 16. Rb1 d4 17. Ne2 Qb4+ 18. c3 dxc3 19. Nxc3 a5 20. O-O Ba6 21. Bxa6 Rxa6 22. Rfd1 Nf6 23. Qd3 Rb6 24. h3 h6 25. b3 Rfb8 26. Qc2 e5 27. Kh2 Qe7 28. Ne2 Qe6 29. Ng3 g6 30. Qc5 h5 31. f3 h4 32. Nf1 Kg7 33. Ne3 Rxb3 34. Rbc1 Nh5 35. Nc4 Nf4 36. Rd2 Nd3 37. Rxd3 Rxd3 38. Nxe5 Qd6 39. f4 Qxc5 40. Rxc5 Rd2 41. Nf3 Ra2 42. Rxa5 Rb4 43. Nxh4 Rxe4 44. Kg3 Ra3+ 45. Nf3 Raxa4 46. Rc5 Re6 47. Ne5 Ra6 48. h4 f6 49. Nf3 Rd6 50. Rc3 Rd5 51. Kg4 c5 52. g3 Rad6 53. Ng1 Rc6 54. Rc4 Rd4 55. Rc3 c4 56. Ne2 Rd3 57. Rc2 c3 58. Rc1 Kh6 59. f5 Rc4+ 60. Nf4 g5 61. hxg5+ fxg5 62. Rh1+ Kg7 63. Kxg5 Rxg3+ 64. Kh4 Rf3 0-1


[Site "https://www.chess.com"]

[Event "Titled Tuesday Blitz April 11 Late 2023"]
[White "Manukyan, Sargis A."]
[Black "Kevlishvili, Robby"]
[WhiteFideId "13303970"]
[BlackFideId "1040634"]
[WhiteElo "2187"]
[BlackElo "2572"]
[Result "1-0"]
[Round "03"]
[TimeControl "180+2"]
[Date "2023.04.11"]
[WhiteClock "0:00:19"]
[BlackClock "0:00:59"]

1. d4 Nf6 2. c4 g6 3. Nc3 Bg7 4. Nf3 d5 5. cxd5 Nxd5 6. e4 Nxc3 7. bxc3 O-O 8. Rb1 c5 9. Be2 b6 10. O-O Nc6 11. d5 Ne5 12. Nxe5 Bxe5 13. c4 Qc7 14. f4 Bd4+ 15. Kh1 e5 16. f5 f6 17. Rb3 gxf5 18. exf5 Kh8 19. Rh3 Rg8 20. Bd3 Qg7 21. Be4 Bd7 22. Qh5 Be8 23. Qh4 Rd8 24. Bh6 Qf7 25. g4 b5 26. g5 fxg5 27. Bxg5 Rd6 28. f6 Rg6 29. Bxg6 Qxg6 30. f7 Bxf7 31. Bf6+ Kg8 32. Rg3 bxc4 33. Rxg6+ Bxg6 34. Be7 Rb6 35. d6 Bf2 36. Qxf2 1-0


[Site "https://www.chess.com"]

[Event "Titled Tuesday Blitz April 11 Late 2023"]
[White "Zakhartsov, Vladimir"]
[Black "Seo, Jung Min"]
[WhiteFideId "4145097"]
[BlackFideId "1734687"]
[WhiteElo "2497"]
[BlackElo "2468"]
[Result "1-0"]
[Round "03"]
[TimeControl "180+2"]
[Date "2023.04.11"]
[WhiteClock "0:00:20"]
[BlackClock "0:00:44"]

1. e4 c6 2. d3 d5 3. Nd2 e5 4. Ngf3 Bd6 5. g3 Nf6 6. Bg2 O-O 7. O-O dxe4 8. dxe4 Bc7 9. a4 a5 10. c3 b6 11. Re1 Nbd7 12. Nc4 Qe7 13. b3 Rd8 14. Ba3 Nc5 15. Qc2 Ba6 16. Bf1 Bb7 17. Nh4 g6 18. Nf3 Rd7 19. Kg2 Rad8 20. b4 axb4 21. cxb4 Ne6 22. a5 bxa5 23. Nxa5 Bxa5 24. bxa5 c5 25. a6 Ba8 26. Bb5 Nd4 27. Nxd4 Rxd4 28. Qxc5 Qe6 29. Qe7 Qb6 30. Bc5 Qxb5 31. Bxd4 Rxd4 32. Qxf6 Bxe4+ 33. Rxe4 Rxe4 34. a7 1-0


[Site "https://www.chess.com"]

[Event "Titled Tuesday Blitz April 11 Late 2023"]
[White "Melkumyan, Hrant"]
[Black "Mustafayev, Farid"]
[WhiteFideId "13302485"]
[BlackFideId "13408771"]
[WhiteElo "2604"]
[BlackElo "2237"]
[Result "1-0"]
[Round "03"]
[TimeControl "180+2"]
[Date "2023.04.11"]
[WhiteClock "0:00:02"]
[BlackClock "0:00:01"]

1. d4 d5 2. c4 dxc4 3. e3 Nf6 4. Bxc4 e6 5. Nf3 Be7 6. O-O O-O 7. Qe2 c5 8. Rd1 Qc7 9. b3 Nc6 10. Nc3 a6 11. a4 Na5 12. d5 Nxc4 13. bxc4 exd5 14. cxd5 Bg4 15. h3 Bh5 16. e4 Bd6 17. Bg5 Nd7 18. g4 Bg6 19. Re1 h6 20. Bd2 Rfe8 21. Kg2 Ne5 22. Nxe5 Bxe5 23. f3 Bd4 24. Rac1 f5 25. gxf5 Bxf5 26. Be3 Bxc3 27. Rxc3 Rxe4 28. fxe4 Bxe4+ 29. Kf1 Rf8+ 30. Bf2 Qh2 31. Qe3 Re8 32. Qg3 Qh1+ 33. Bg1 Bg2+ 34. Kf2 Rxe1 35. Kxe1 Qxg1+ 36. Ke2 Bf1+ 37. Ke1 Bg2+ 38. Kd2 Qd4+ 39. Rd3 Qb2+ 40. Ke1 c4 41. Rd2 Qb1+ 42. Rd1 Qe4+ 43. Kf2 Qc2+ 44. Ke1 Qe4+ 45. Kf2 c3 46. Qxc3 Bh1 47. d6 Qg2+ 48. Ke3 Qf3+ 49. Kd2 Qf4+ 50. Kc2 Qxa4+ 51. Kd2 Bf3 52. Rg1 Qa2+ 53. Ke3 Qf7 54. Rxg7+ Kf8 55. Rxf7+ 1-0


[Site "https://www.chess.com"]

[Event "Titled Tuesday Blitz April 11 Late 2023"]
[White "Kleiman, Jake"]
[Black "Samsonkin, Artiom"]
[WhiteFideId "2020041"]
[BlackFideId "13503111"]
[WhiteElo "2399"]
[BlackElo "2524"]
[Result "1-0"]
[Round "03"]
[TimeControl "180+2"]
[Date "2023.04.11"]
[WhiteClock "0:00:14"]
[BlackClock "0:00:02"]

1. e4 e6 2. d4 d5 3. Nd2 c5 4. exd5 Qxd5 5. Ngf3 cxd4 6. Bc4 Qd6 7. O-O Nf6 8. Nb3 a6 9. a4 Qc7 10. Qe2 Bd6 11. Bg5 Be7 12. Nbxd4 O-O 13. Rfe1 h6 14. Bh4 Nbd7 15. Nxe6 fxe6 16. Bxe6+ Kh8 17. Bxd7 Bxd7 18. Qxe7 Rae8 19. Qb4 Qxc2 20. Rxe8 Rxe8 21. Bxf6 gxf6 22. Qxb7 Bc6 23. Qxa6 Qxb2 24. Re1 Rxe1+ 25. Nxe1 Qc1 26. Qe2 Bxa4 27. h3 Bc6 28. Qe6 Kg7 29. Qe7+ Kg6 30. Qe2 Qb1 31. Kh2 Be4 32. Qe3 h5 33. h4 Kf7 34. Qd2 Qb8+ 35. Kg1 Qb1 36. f3 Bf5 37. Kf2 Qb6+ 38. Kg3 Qc7+ 39. Qf4 Qc5 40. Kh2 Kg6 41. g3 Qf2+ 42. Ng2 Qc2 43. Kg1 Bd3 44. Qe3 Qd1+ 45. Kh2 Qc2 46. Qe1 Bc4 47. g4 Bd5 48. Kg3 Qc7+ 49. Nf4+ Kf7 50. gxh5 Bc6 51. Qe3 Qe5 52. Qxe5 fxe5 53. Ng6 Kf6 54. Nf8 Be8 55. Kg4 1-0


[Site "https://www.chess.com"]